 Dungeon Crawl Stone Soup version 0.27.1-15-g792fb953b9 (webtiles) character file.

Game seed: 5806793531786199255

48394 Revguard the Fighter (level 14, -13/160 HPs)
             Began as an Ogre Conjurer on Nov 19, 2021.
             Was a High Priest of Vehumet.
             Mangled by a skeletal warrior (32 damage)
             ... led by a death knight
             ... on level 13 of the Dungeon.
             The game lasted 01:44:52 (19210 turns).

Revguard the Fighter (Ogre Conjurer)               Turns: 19210, Time: 01:44:54

Health: -13/160    AC: 10    Str: 12      XL:     14   Next: 46%
Magic:  22/28      EV: 10    Int: 22 (27) God:    Vehumet [*****.]
Gold:   888        SH:  0    Dex:  7      Spells: 1/33 levels left

rFire    . . .     SeeInvis +   H - +6 battleaxe "Xom's Entertainment" {vorpal, rC+ Int+4}
rCold    + . .     Faith    .   (shield currently unavailable)
rNeg     . . .     Spirit   .   G - +0 acid dragon scales
rPois    .         Reflect  .   (helmet restricted)
rElec    .         Harm     .   j - +0 cloak
rCorr    +         Rampage  .   (gloves unavailable)
Will     +....                  (boots unavailable)
Stlth    +.........             n - amulet of regeneration
HPRegen  1.36/turn              e - ring of wizardry
MPRegen  0.21/turn              p - ring of see invisible

@: about to teleport, slowed, very slow
A: large, unfitting armour, tough skin 1, clever 1, clumsy 1, robust 1, weak 1
a: Renounce Religion


You were on level 13 of the Dungeon.
You worshipped Vehumet.
Vehumet was extremely pleased with you.
You visited 2 branches of the dungeon, and saw 15 of its levels.

You collected 888 gold pieces.

Inventory:

Hand Weapons
 f - a +2 broad axe of draining
 l - the +8 whip of the Spheres {freeze, *Corrode rF+ Str+7}
   (You found it on level 4 of the Dungeon)

   It freezes those it strikes, dealing additional cold damage.
   It can also slow down cold-blooded creatures.
   Str:       It affects your strength (+7).
   rF:        It protects you from fire.
   *Corrode:  It may corrode you when you take damage.
 A - a +4 battleaxe
 H - the +6 battleaxe "Xom's Entertainment" (weapon) {vorpal, rC+ Int+4}
   (You took it off a deep elf pyromancer on level 13 of the Dungeon)

   It inflicts extra damage upon your enemies.
   Int:       It affects your intelligence (+4).
   rC:        It protects you from cold.
Armour
 j - a +0 cloak (worn)
 v - +0 steam dragon scales
 G - +0 acid dragon scales (worn)
Jewellery
 a - a ring of willpower
 c - an amulet of guardian spirit
 e - a ring of wizardry (left hand)
 i - an amulet of reflection
 n - an amulet of regeneration (around neck)
 o - a ring of resist corrosion
 p - a ring of see invisible (right hand)
 u - a +6 ring of dexterity
 w - a ring of magical power
Wands
 k - a wand of iceblast (21)
 t - a wand of paralysis (9)
 I - a wand of mindburst (13)
Scrolls
 b - 2 scrolls of enchant weapon
 d - 3 scrolls of identify
 g - 2 scrolls of immolation
 h - 12 scrolls of teleportation
 y - 2 scrolls of enchant armour
 z - a scroll of silence
 E - 3 scrolls of magic mapping
Potions
 m - 5 potions of curing
 q - 2 potions of attraction
 r - 5 potions of brilliance
 x - a potion of might
 B - 3 potions of cancellation
 C - a potion of mutation
 D - 2 potions of flight
 F - a potion of resistance
Miscellaneous
 J - a phial of floods


   Skills:
 + Level 11.1 Fighting
 + Level 7.3(8.0) Axes
 - Level 1.7(4.5) Maces & Flails
 - Level 4.0(6.2) Polearms
 + Level 7.3 Armour
 + Level 8.3 Dodging
 - Level 1.4 Stealth
 + Level 10.0 Spellcasting
 + Level 9.0 Conjurations
 - Level 5.1 Hexes
 + Level 7.9 Fire Magic
 + Level 7.5 Poison Magic


You had one spell level left.
You knew the following spells:

 Your Spells              Type           Power      Damage    Failure   Level
a - Eringya's Noxious Bo  Tmut/Pois      13%        N/A       26%         6
b - Searing Ray           Conj           100%       3d7       1%          2
c - Slow                  Hex            33%        N/A       1%          2
d - Foxfire               Conj/Fire      100%       2x1d9     1%          1
e - Ignite Poison         Fire/Tmut/Pois 33%        N/A       1%          3
f - Poisonous Vapours     Pois/Air       54%        N/A       1%          2
g - Olgreb's Toxic Radia  Pois           44%        N/A       1%          4
h - Mephitic Cloud        Conj/Pois/Air  35%        N/A       1%          3
i - Inner Flame           Hex/Fire       39%        N/A       1%          3
j - Iskenderun's Battles  Conj           50%        2d10      1%          5
k - Magic Dart            Conj           100%       1d8       1%          1

Your spell library contained the following spells:

 Spells                   Type           Power      Damage    Failure   Level
 Freeze                   Ice            44%        1d6       1%          1
 Shock                    Conj/Air       100%       1d9       1%          1
 Sting                    Tmut/Pois      100%       1d8       1%          1
 Beastly Appendage        Tmut           22%        N/A       3%          1
 Summon Small Mammal      Summ           44%        N/A       3%          1
 Static Discharge         Conj/Air       30%        N/A       1%          2
 Confusing Touch          Hex            33%        N/A       1%          3
 Dazzling Flash           Conj/Hex       84%        N/A       1%          3
 Fulminant Prism          Conj/Hex       21%        3d13      1%          4
 Hailstorm                Conj/Ice       30%        3d8       1%          4
 Iskenderun's Mystic Bla  Conj/Tloc      30%        2d8       1%          4
 Sticky Flame             Conj/Fire      48%        2d7       1%          4
 Spider Form              Tmut/Pois      13%        N/A       2%          3
 Frozen Ramparts          Ice            22%        1d4       3%          3
 Portal Projectile        Hex/Tloc       44%        N/A       3%          3
 Summon Guardian Golem    Hex/Summ       22%        N/A       3%          3
 Wereblood                Tmut           11%        N/A       5%          2
 Freezing Cloud           Conj/Ice/Air   12%        6-21      8%          5
 Airstrike                Air            5%         N/A       10%         4
 Call Canine Familiar     Summ           11%        N/A       11%         3
 Gell's Gravitas          Tloc           5%         N/A       11%         3
 Lesser Beckoning         Tloc           5%         N/A       11%         3
 Swiftness                Air            11%        N/A       11%         3
 Teleport Other           Tloc           11%        N/A       11%         3
 Vampiric Draining        Necr           5%         2d6       11%         3
 Summon Lightning Spire   Summ/Air       11%        N/A       32%         4
 Blade Hands              Tmut           5%         N/A       65%         5
 Excruciating Wounds      Necr           5%         N/A       65%         5


Dungeon Overview and Level Annotations

Branches:
Dungeon (14/15)            Temple (1/1) D:7            Lair (0/6) D:8
    Orc (0/2) D:12         Vaults (0/5) D:13

Altars:
Ashenzari
Cheibriados
Dithmenos
Elyvilon
Fedhas
Gozag
Hepliaklqana
Kikubaaqudgha
Makhleb
Nemelex Xobeh
Okawaru
Qazlal
Ru
Sif Muna
Trog
Uskayaw
Vehumet
Wu Jian
Xom
Yredelemnul
Zin
The Shining One

Shops:
D:7 (

Annotations:
D:9 exclusion: orange crystal statue
D:14 Agnes


Innate Abilities, Weirdness & Mutations

You are too large for most types of armour.
You have tough skin. (AC +1)
Your mind is acute. (Int +2)
You are clumsy. (Dex -2)
You are robust. (+10% HP)
You are weak. (Str -2)


Message History

You feel as though you will be slow longer.
The freezing wraith closely misses you. The freezing wraith barely misses you.
Things that are here:
23 arrows; a +0 shortbow The skeletal warrior hits you but does no damage.
The freezing wraith completely misses you.
The freezing wraith hits you but does no damage.
The skeletal warrior closely misses you.
Okay, then.
The freezing wraith hits you. The freezing wraith freezes you! You resist.
The freezing wraith hits you but does no damage.
Things that are here:
a +1 great mace; a +0 chain mail The freezing wraith barely misses you.
The freezing wraith hits you! The freezing wraith drains your vigour!
You feel as though you will be slow longer.
The freezing wraith hits you! The freezing wraith freezes you! You resist.
* * * LOW HITPOINT WARNING * * *
The freezing wraith hits you!
* * * LOW HITPOINT WARNING * * *
The freezing wraith drains your vigour!
You feel as though you will be slow longer.
The freezing wraith hits you.
* * * LOW HITPOINT WARNING * * *
The freezing wraith freezes you! You resist.
* * * LOW HITPOINT WARNING * * *
The freezing wraith hits you but does no damage.
The freezing wraith barely misses you. The freezing wraith hits you.
* * * LOW HITPOINT WARNING * * *
The freezing wraith drains your vigour!
You feel as though you will be slow longer.
There is a stone staircase leading down, spattered with blood here.
As you read the scroll of teleportation, it crumbles to dust.
You feel strangely unstable. The freezing wraith hits you.
* * * LOW HITPOINT WARNING * * *
The freezing wraith freezes you! You resist.
* * * LOW HITPOINT WARNING * * *
The freezing wraith closely misses you.
The skeletal warrior hits you with a +0 battleaxe!!
You die...

...#..# #.....# #.^.....# ...#..#
#.....# ##.......#
#'##..######.....# #.........
.................# #........#
.................#######........#
.........[......................#
.......................######...#
.....#######...zW#####.#....')...
....##.....##...@# #.#....#....
...##..##...##...# #)#....#....
####...##....##..# #.#.>..#....
..............#..# #.###'##.###
.........####.#..# #....(...#
#.............#..# #....(...#
.....###...##.#..# #.(......#
.....#....##..#..# #........###
.#.#...#^....##.<# #...........


You could see a skeletal warrior and a freezing wraith.

Vanquished Creatures
  Snorg (D:12)
  A hydra (D:14)
  A vault guard (D:13)
  2 boulder beetles
  9 centaur warriors
  A death knight (D:13)
  7 two-headed ogres
  A tengu warrior (D:12)
  6 skeletal warriors
  3 deep elf pyromancers
  8 ugly things (D:13)
  2 manticores
  A torpor snail (shapeshifter) (D:13)
  2 unseen horrors
  Maggie (D:6)
  Psyche (D:8)
  2 yaktaurs (D:13)
  A freezing wraith (D:13)
  A tengu conjurer (D:12)
  5 kobold demonologists
  3 trolls
  3 meliai (D:12)
  A hornet (shapeshifter) (D:13)
  Grinder (D:3)
  28 slime creatures
  Prince Ribbit (D:8)
  A centaur simulacrum (D:13)
  3 wyverns
  12 yaks
  2 vampires (D:13)
  3 shadows
  A basilisk (shapeshifter) (D:13)
  4 wraiths
  Eustachio (D:4)
  23 humans (D:13)
  7 vampire mosquitoes
  An acid dragon (D:12)
  A water moccasin (D:8)
  A hornet zombie (D:8)
  A black bear (D:7)
  7 orc warriors
  3 ice beasts
  A sky beast (shapeshifter) (D:13)
  5 ogres
  2 necrophages
  8 centaurs
  3 phantoms
  2 kobold brigands
  3 bullfrogs
  2 scorpions
  A water moccasin zombie (D:5)
  2 gnoll sergeants
  2 troll zombies (D:12)
  A killer bee (D:9)
  17 wights
  A howler monkey (D:8)
  7 jellies
  A lava snake (D:12)
  6 centaur zombies
  A bullfrog zombie (D:5)
  10 orc priests
  A centaur skeleton (D:4)
  3 hounds
  Crazy Yiuf (D:3)
  3 iguanas
  9 orc wizards
  2 killer bee zombies
  6 ogre zombies (D:12)
  A hound skeleton (D:4)
  A howler monkey zombie (D:8)
  3 gnolls (D:9)
  A howler monkey skeleton (D:5)
  4 adders
  An ufetubus (D:6)
  3 dart slugs
  49 orcs
  7 ball pythons
  11 endoplasms
  6 giant cockroaches
  5 goblins
  3 hobgoblins
  A quokka (D:3)
  3 bats
  2 frilled lizards (D:2)
  3 goblin skeletons (D:12)
  A hobgoblin zombie (D:12)
  36 kobolds
  An orc skeleton (D:12)
  20 orc zombies (D:12)
  7 rats
433 creatures vanquished.

Vanquished Creatures (others)
  A skeletal warrior (D:13)
  An orc wizard (D:14)
  2 orcs
  2 kobolds (D:14)
  13 foxfires (D:3)
  9 fungi (D:8)
  11 plants
  12 toadstools (D:4)
51 creatures vanquished.

Grand Total: 484 creatures vanquished

Notes
Turn   | Place    | Note
-------+----------+-------------------------------------------
     0 | D:1      | Revguard the Ogre Conjurer began the quest for the Orb.
     0 | D:1      | Reached XP level 1. HP: 16/16 MP: 3/3
   254 | D:1      | Reached XP level 2. HP: 26/26 MP: 3/5
   257 | D:1      | Learned a level 2 spell: Searing Ray
   402 | D:1      | Learned a level 2 spell: Slow
   701 | D:1      | Reached skill level 1 in Fighting
  1072 | D:1      | Reached XP level 3. HP: 33/33 MP: 7/7
  1747 | D:2      | Found an opulent altar of Gozag.
  2292 | D:3      | Identified a scroll of acquirement
  2292 | D:3      | Acquired Zyamoxet's Papyrus of Flamy Poisoning
  2298 | D:3      | Gained mutation: You are clumsy. (Dex -2) [potion of
                  | mutation]
  2298 | D:3      | Gained mutation: Your mind is acute. (Int +2) [potion of
                  | mutation]
  2298 | D:3      | Gained mutation: You are robust. (+10% HP) [potion of
                  | mutation]
  2301 | D:3      | Learned a level 1 spell: Foxfire
  2348 | D:3      | Found a faded altar of an unknown god.
  2530 | D:3      | Reached XP level 4. HP: 23/45 MP: 3/8
  2546 | D:3      | Learned a level 3 spell: Ignite Poison
  2848 | D:3      | Noticed Grinder
  2860 | D:3      | Reached skill level 1 in Armour
  2861 | D:3      | Paralysed by Grinder for 5 turns
  2872 | D:3      | Paralysed by Grinder for 7 turns
  2886 | D:3      | Killed Grinder
  2887 | D:3      | Reached skill level 2 in Fighting
  2887 | D:3      | Reached skill level 1 in Maces & Flails
  2887 | D:3      | Reached skill level 1 in Hexes
  2887 | D:3      | Reached skill level 1 in Fire Magic
  2887 | D:3      | Reached XP level 5. HP: 32/55 MP: 5/10
  2887 | D:3      | Reached XP level 6. HP: 37/63 MP: 5/11
  2893 | D:3      | Found a sparkling altar of Nemelex Xobeh.
  2903 | D:3      | Learned a level 2 spell: Poisonous Vapours
  2970 | D:3      | Found a runed translucent door.
  2971 | D:3      | Noticed Crazy Yiuf
  3123 | D:3      | Found a burning altar of Makhleb.
  3251 | D:3      | Killed Crazy Yiuf
  3396 | D:4      | Identified the +8 whip of the Spheres {freeze, *Corrode rF+
                  | Str+7}
  3736 | D:4      | Noticed Eustachio
  3749 | D:4      | Killed Eustachio
  3750 | D:4      | Reached skill level 3 in Fighting
  3750 | D:4      | Reached skill level 1 in Axes
  3750 | D:4      | Reached XP level 7. HP: 66/73 MP: 1/12
  4356 | D:4      | Found an ornate altar of the Wu Jian Council.
  4367 | D:4      | Found a basalt altar of Yredelemnul.
  4620 | D:5      | Entered Level 5 of the Dungeon
  4792 | D:5      | Reached skill level 1 in Poison Magic
  4792 | D:5      | Reached XP level 8. HP: 82/82 MP: 4/14
  4949 | D:5      | Found a hide-covered altar of Uskayaw.
  5092 | D:5      | Acquired the Volume of Weightlessness
  5099 | D:5      | Learned a level 4 spell: Olgreb's Toxic Radiance
  5133 | D:5      | Reached skill level 1 in Polearms
  5275 | D:5      | Reached skill level 4 in Fighting
  5503 | D:5      | Found a white marble altar of Elyvilon.
  5624 | D:6      | Found a shadowy altar of Dithmenos.
  5656 | D:6      | Reached skill level 5 in Conjurations
  6062 | D:6      | Found the +9 heavy crossbow "Sniper" {vorpal, Acc+∞ SInv}
  6152 | D:6      | Reached XP level 9. HP: 89/93 MP: 8/16
  6265 | D:6      | Noticed Maggie
  6272 | D:6      | Killed Maggie
  6273 | D:6      | Reached skill level 5 in Spellcasting
  6626 | D:6      | Reached skill level 5 in Fighting
  6815 | D:6      | Found an ancient bone altar of Kikubaaqudgha.
  6821 | D:6      | Found a snail-covered altar of Cheibriados.
  6822 | D:6      | Found a glowing golden altar of the Shining One.
  7214 | D:7      | Found Reuduo Yqugh's Weapon Shoppe.
  7535 | D:7      | Found a staircase to the Ecumenical Temple.
  7551 | Temple   | Entered the Ecumenical Temple
  7634 | Temple   | Became a worshipper of Vehumet
  8171 | D:7      | Identified the +7 trident of Vaphu {vorpal, Will+}
  8340 | D:8      | Reached XP level 10. HP: 106/107 MP: 10/18
  8344 | D:8      | Noticed Prince Ribbit
  8508 | D:8      | Reached skill level 6 in Fighting
  8658 | D:8      | Killed Prince Ribbit
  8665 | D:8      | Learned a level 3 spell: Mephitic Cloud
  8741 | D:8      | Reached * piety under Vehumet
  8741 | D:8      | Offered knowledge of Sandblast by Vehumet.
  9090 | D:8      | Noticed Psyche
  9102 | D:8      | Killed Psyche
  9103 | D:8      | Reached skill level 5 in Dodging
  9472 | D:8      | Found a staircase to the Lair.
  9877 | D:9      | Reached ** piety under Vehumet
  9880 | D:9      | Offered knowledge of Sandblast by Vehumet.
  9884 | D:9      | Found an opulent altar of Gozag.
  9928 | D:9      | Found a glowing silver altar of Zin.
 10137 | D:9      | Found a glowing silver altar of Zin.
 10194 | D:9      | Found a sacrificial altar of Ru.
 10222 | D:9      | Found a broken altar of Ashenzari.
 10297 | D:9      | Noticed an orange crystal statue
 10699 | D:10     | Entered Level 10 of the Dungeon
 10768 | D:10     | Reached skill level 7 in Fighting
 10768 | D:10     | Reached XP level 11. HP: 117/119 MP: 19/21
 10889 | D:10     | Reached skill level 5 in Fire Magic
 11276 | D:10     | Offered knowledge of Conjure Flame by Vehumet.
 11277 | D:10     | Reached skill level 5 in Hexes
 11309 | D:10     | Noticed a two-headed ogre
 11316 | D:10     | Killed a two-headed ogre
 11786 | D:11     | Reached skill level 5 in Armour
 11795 | D:11     | Noticed a two-headed ogre
 11804 | D:11     | Killed a two-headed ogre
 11804 | D:11     | Reached *** piety under Vehumet
 12023 | D:11     | Reached skill level 8 in Fighting
 12025 | D:11     | Reached skill level 5 in Poison Magic
 12527 | D:11     | Found a blossoming altar of Fedhas.
 12629 | D:12     | Noticed a deep elf pyromancer
 12633 | D:12     | Killed a deep elf pyromancer
 12634 | D:12     | Reached XP level 12. HP: 132/132 MP: 12/23
 12672 | D:12     | Offered knowledge of Inner Flame by Vehumet.
 12679 | D:12     | Learned a level 3 spell: Inner Flame
 12954 | D:12     | Found a staircase to the Orcish Mines.
 12988 | D:12     | Reached **** piety under Vehumet
 13034 | D:12     | Noticed a two-headed ogre
 13040 | D:12     | Killed a two-headed ogre
 13489 | D:12     | Offered knowledge of Iskenderun's Battlesphere by Vehumet.
 13497 | D:12     | Learned a level 5 spell: Iskenderun's Battlesphere
 13836 | D:12     | Reached skill level 9 in Fighting
 13837 | D:12     | Reached skill level 5 in Axes
 14267 | D:12     | Noticed Snorg
 14281 | D:12     | Killed Snorg
 15078 | D:13     | Noticed a tengu warrior
 15086 | D:12     | Killed a tengu warrior
 15356 | D:12     | Reached XP level 13. HP: 139/144 MP: 14/25
 15541 | D:13     | Identified the +0 robe "Fish" {rF+ rN+}
 15590 | D:13     | Reached ***** piety under Vehumet
 15619 | D:13     | Found a gate to the Vaults.
 15620 | D:13     | Noticed a vault guard
 15626 | D:13     | Killed a vault guard
 15632 | D:13     | Offered knowledge of Eringya's Noxious Bog by Vehumet.
 15985 | D:13     | Reached skill level 10 in Fighting
 16521 | D:13     | Identified the +9 trident "Zaylee" {pain, Int+3}
 16857 | D:13     | HP: 6/148 [slime creature (16)]
 17267 | D:13     | Reached XP level 14. HP: 107/158 MP: 22/27
 17276 | D:13     | Learned a level 6 spell: Eringya's Noxious Bog
 17406 | D:13     | Identified the +6 battleaxe "Xom's Entertainment" {vorpal,
                  | rC+ Int+4}
 17699 | D:13     | Identified the +5 scale mail of Mysticism {Rampage rF-
                  | rN++}
 17774 | D:13     | Noticed a ghost moth
 17774 | D:13     | a sea snake changed into a ghost moth
 18225 | D:14     | Noticed Agnes
 18388 | D:13     | Gained mutation: You are weak. (Str -2) [mutagenic glow]
 18434 | D:13     | Reached skill level 11 in Fighting
 19161 | D:13     | Reached skill level 10 in Spellcasting
 19210 | D:13     | Mangled by a skeletal warrior

Illustrated notes

Levels and vault maps discovered:
D:1:      dpeg_arrival_short_road, layout_basic, minmay_octomino_e4
D:2:      layout_basic, basic_altar
D:3:      wander_river, layout_basic, nemelex_spade_bored_becter,
          lightli_temple_of_fire, shapermc_ecumenical_altar_ellora,
          uniq_grinder, uniq_crazy_yiuf_cottage
D:4:      cheibrodos_fertilizer, layout_basic, mainiacjoe_overflow_swirl,
          uniq_eustachio
D:5:      layout_loops_cross, kennysheep_mini_moat,
          eat_drink_and_be_merry_uskayaw, chequers_arboretum
D:6:      wad_pebble_path, layout_basic, grunt_temple_overflow_open,
          nicolae_dithmenos_through_a_glass_darkly, grunt_ministairs_11,
          kennysheep_generic_room_5, uniq_maggie
D:7:      layout_cave_pools, minmay_temple_entry_statues_fountains,
          serial_shops, shop, minmay_misc_feat_x, chequers_serial_rivers_large_a
D:8:      layout_loops_corners, grunt_lair_entry_orc_guard_hut, minmay_between,
          uniq_prince_ribbit1, uniq_psyche
D:9:      layout_cave_pools, pdpol_temple_overflow_zin_treasury_gozag_greed,
          nicolae_ru_awakened_eye, hangedman_feature_mirror,
          minmay_statue_bubble
D:10:     layout_small_grid, hangedman_abyss_or_decor_lesser_grid
D:11:     layout_roguey, fedhas_altar_fruit_tree
D:12:     layout_basic, zombieorc2_lemuel, kennysheep_big_empty_room,
          minmay_unpleasant_kobolds, uniq_snorg
D:13:     minmay_the_grid_octo_tiled_octocenter_mashed
          [minmay_the_grid_octo_checkerflower,
          minmay_the_grid_octo_tetromino_candy,
          minmay_the_grid_octo_vomiting_pacman, minmay_the_grid_octo_clover,
          minmay_the_grid_octo_prize_square_snowflake,
          minmay_the_grid_square_5x5_pentomino_r,
          minmay_the_grid_square_5x5_one_wall, minmay_the_grid_square_5x5_three,
          minmay_the_grid_square_5x5_shrine2], layout_irregular_city,
          grunt_vaults_entry_tiered
D:14:     layout_cave_pools, serial_park_tiny_pond, minivault_27, uniq_agnes
Temple:   jpeg_temple_island

Skill      XL: |  1  2  3  4  5  6  7  8  9 10 11 12 13 14 |
---------------+-------------------------------------------+-----
Dodging        | 2 3 4 5 6 7 8 |  8.3
Fighting       | 1 2 3 4 5 7 8 9 10 11 | 11.1
Spellcasting   | 3 4 5 6 7 8 9 10 | 10.0
Armour         | 1 2 3 4 5 6 7 |  7.3
Maces & Flails | 1 |  1.7
Conjurations   | 4 5 6 7 8 9 |  9.0
Hexes          | 1 2 3 4 5 |  5.1
Fire Magic     | 1 2 3 4 5 6 7 |  7.9
Axes           | 1 2 4 5 6 7 |  7.3
Poison Magic   | 1 2 3 4 5 6 7 |  7.5
Polearms       | 2 3 4 |  4.0
Stealth        | |  1.4

Action                   |  1- 3 |  4- 6 |  7- 9 | 10-12 | 13-15 || total
-------------------------+-------+-------+-------+-------+-------++-------
Melee: Unarmed           |     7 |       |       |       |       ||     7
       Club              |    99 |       |       |       |       ||    99
       Flail             |       |    22 |       |       |       ||    22
       Quarterstaff      |       |    21 |    36 |       |       ||    57
       Glaive            |       |       |    82 |       |       ||    82
       Broad axe         |       |       |    42 |   253 |    89 ||   384
       Battleaxe         |       |       |       |       |    73 ||    73
 Cast: Magic Dart        |    21 |       |       |     2 |       ||    23
       Searing Ray       |    10 |    11 |    23 |    38 |    19 ||   101
       Slow              |     2 |     1 |     6 |     5 |       ||    14
       Foxfire           |     4 |     4 |       |       |       ||     8
       Poisonous Vapours |       |       |    25 |    33 |    12 ||    70
       Ignite Poison     |       |       |    21 |    64 |    50 ||   135
       Olgreb's Toxic Ra |       |       |    11 |    23 |    19 ||    53
       Mephitic Cloud    |       |       |       |    47 |    30 ||    77
       Iskenderun's Batt |       |       |       |     5 |     1 ||     6
       Inner Flame       |       |       |       |       |     3 ||     3
       Eringya's Noxious |       |       |       |       |     7 ||     7
Evoke: Wand              |       |       |       |       |     1 ||     1
  Use: Scroll            |     8 |     3 |     8 |     4 |     6 ||    29
       Potion            |     1 |     6 |     3 |     9 |     5 ||    24
 Stab: Sleeping          |     3 |       |       |       |       ||     3
       Confused          |       |       |       |     1 |       ||     1
Armor: Robe              |    57 |    35 |    43 |       |       ||   135
       Steam dragon scal |       |       |    22 |   215 |       ||   237
       Acid dragon scale |       |       |       |    49 |   165 ||   214
Dodge: Dodged            |    72 |    43 |   118 |   298 |   216 ||   747
